 Dungeon Crawl Stone Soup version 0.31-a0-865-g3d5d91748a (webtiles) character file.

Game seed: 14314412881007090607

339 Joey1 the Chopper (level 6, 0/56 HPs)
             Began as a Hill Orc Fighter on Oct 10, 2023.
             Slain by an iguana (7 damage)
             ... on level 4 of the Dungeon.
             The game lasted 00:04:19 (3334 turns).

Joey1 the Chopper (Hill Orc Fighter)                Turns: 3334, Time: 00:04:20

Health: 0/56       AC:  8    Str: 27    XL:     6   Next: 55%
Magic:  6/6        EV:  9    Int:  8    God:
Gold:   123        SH:  4    Dex: 10    Spells: 5/5 levels left

rFire   . . .        a - +0 war axe
rCold   . . .        c - +0 buckler
rNeg    . . .        b - +0 scale mail
rPois   .            (no helmet)
rElec   .            (no cloak)
rCorr   .            q - +0 pair of gloves
SInv    .            (no boots)
Will    .....        (no amulet) Stlth
                     p - +6 ring of strength
HPRegen 0.29/turn    (no ring)
MPRegen 0.10/turn

%: no passive effects
@: no status effects
A: no striking features
a: no special abilities


You were on level 4 of the Dungeon.
You visited 1 branch of the dungeon, and saw 4 of its levels.

You collected 163 gold pieces.
You spent 40 gold pieces at shops.

Inventory:

Hand Weapons
 a - a +0 war axe (weapon)
 w - a +0 broad axe
Armour
 b - a +0 scale mail (worn)
 c - a +0 buckler (worn)
 q - a +0 pair of gloves (worn)
Jewellery
 i - an amulet of magic regeneration
 n - a ring of magical power
 p - a +6 ring of strength (left hand)
 A - an amulet of the acrobat
Wands
 x - a wand of charming (6)
Scrolls
 e - 2 scrolls of teleportation {unknown}
 f - a scroll of poison {unknown}
 g - 2 scrolls of identify {unknown}
 h - a scroll of fog {unknown}
 j - 2 scrolls of brand weapon {unknown}
 k - a scroll of silence {unknown}
 m - a scroll of enchant weapon {unknown}
 o - a scroll of blinking {unknown}
 r - a scroll of vulnerability {unknown}
 t - a scroll of revelation {unknown}
 y - a scroll of immolation {unknown}
 C - a scroll of noise {unknown}
Potions
 d - 4 potions of might
 l - a potion of brilliance {unknown}
 s - 2 potions of curing {unknown}
 u - a potion of degeneration {unknown}
 v - a potion of haste {unknown}
 z - a potion of cancellation {unknown}
 B - a potion of attraction {unknown}


   Skills:
 - Level 5.0 Fighting
 * Level 6.0 Axes
 + Level 4.5 Armour
 + Level 4.5 Shields


You had 5 spell levels left.
You didn't know any spells.
Your spell library contained the following spells:

 Spells                   Type           Power      Damage    Failure   Level
 Lesser Beckoning         Tloc           0%         N/A       86%         2
 Gell's Gravitas          Tloc           0%         N/A       97%         3
 Ignite Poison            Fire/Tmut/Pois 0%         N/A       97%         3
 Teleport Other           Tloc           0%         N/A       97%         3
 Sticky Flame             Conj/Fire      0%         2d3       100%        4
 Dispersal                Tloc           0%         N/A       100%        6
 Ignition                 Fire           0%         3d3       100%        8


Dungeon Overview and Level Annotations

Branches:
Dungeon (4/15)
 Temple: D:4-7

Altars:

Shops:
D:3 (


Message History

An ogre is nearby!
An ogre is nearby!
An iguana comes into view.
The iguana hisses angrily.
The ogre closely misses you.
There is an open door here.
You hit the ogre but do no damage. You slash the ogre!
The ogre is moderately wounded.
You block the ogre's attack.
Unknown command.
You slash the ogre!
The ogre is almost dead.
You slash the iguana!
The ogre hits you with a +0 giant spiked club!
The iguana bites you!
You hit the ogre but do no damage.
The ogre is almost dead.
You barely miss the iguana. The iguana bites you!
The ogre hits you with a +0 giant spiked club!!
* * * LOW HITPOINT WARNING * * *
You block the iguana's attack.
Unknown command.
You are too injured to fight recklessly!
You are too injured to fight recklessly!
You barely miss the ogre.
The ogre is almost dead.
The ogre barely misses you.
You slash the ogre!
You kill the ogre!
Training target 5.0 for Fighting reached!
Your Fighting skill increases to level 5!
Your Axes skill increases to level 6!
You hit the iguana but do no damage.
The iguana is heavily wounded.
The iguana closely misses you.
You hit the iguana.
The iguana is severely wounded.
The iguana bites you!
You die...

.........#.......#...#......#
.........#.....###...#......#
.........#.....#.....########
.........#.....#...........#
..##.....#...<.#...........#
..##.....#.....#.....##....#
.........#.....#.....# ....#
####.....#(....#.....## ####
#.....#.....l@.>...#
.....#.....#......#
#.....#......# #.....#.....##
#.....#.....# #############


You could see an iguana.

Vanquished Creatures
  An ogre (D:4)
  Blork the orc (D:4)
  Natasha (twice) (D:4)
  Ijyb (D:4)
  3 adders
  3 worms
  3 dart slugs
  3 orcs
  6 endoplasms
  4 giant cockroaches
  A goblin (D:2)
  5 hobgoblins
  10 jackals
  8 kobolds
  4 quokkas
  8 ball pythons
  3 bats
  3 frilled lizards
  2 rats
71 creatures vanquished.

Notes
Turn   | Place    | Note
-------+----------+-------------------------------------------
     0 | D:1      | Joey1 the Hill Orc Fighter began the quest for the Orb.
     0 | D:1      | Reached XP level 1. HP: 19/19 MP: 1/1
    65 | D:1      | Reached skill level 3 in Axes
    98 | D:1      | Reached XP level 2. HP: 27/27 MP: 2/2
   437 | D:1      | Reached XP level 3. HP: 19/33 MP: 3/3
  1265 | D:2      | Reached skill level 4 in Axes
  1387 | D:2      | Reached XP level 4. HP: 40/40 MP: 4/4
  2262 | D:3      | Found Qaatof's Weapon Boutique.
  2322 | D:3      | Found a faded altar of an unknown god.
  2617 | D:3      | Bought a +0 broad axe for 40 gold pieces
  2903 | D:4      | Noticed Ijyb
  2931 | D:4      | Killed Ijyb
  2932 | D:4      | Reached XP level 5. HP: 34/47 MP: 5/5
  2939 | D:4      | Noticed Natasha
  2952 | D:4      | Killed Natasha
  3090 | D:4      | Noticed Blork the orc
  3097 | D:4      | Killed Blork the orc
  3098 | D:4      | Reached skill level 5 in Axes
  3159 | D:4      | Reached XP level 6. HP: 47/53 MP: 6/6
  3204 | D:4      | Noticed Natasha
  3208 | D:4      | Killed Natasha
  3333 | D:4      | Reached skill level 5 in Fighting
  3333 | D:4      | Reached skill level 6 in Axes
  3334 | D:4      | Slain by an iguana

Illustrated notes

Levels and vault maps discovered:
D:1:      matt_arrival_spirals, layout_loops_ring, nicolae_wormholes
D:2:      layout_basic
D:3:      layout_basic, serial_shops, nicolae_shop_peninsula,
          hellmonk_ecumenical_altar_zigzags
D:4:      layout_gridville, nicolae_shop_firing_range, uniq_blork_the_orc,
          uniq_ijyb, uniq_natasha

Skill      XL: |  1  2  3  4  5  6 |
---------------+-------------------+-----
Axes           | 3 4 5 6 |  6.0
Fighting       | 4 5 |  5.0
Armour         | 4 |  4.5
Shields        | 4 |  4.5

Action                     |  1- 3 |  4- 6 || total
---------------------------+-------+-------++-------
  Melee: War axe           |    88 |   125 ||   213
 Armour: Scale mail        |    67 |    91 ||   158
  Dodge: Dodged            |    43 |    60 ||   103
  Block: Buckler           |    23 |    21 ||    44

Table legend: (Time is in decaauts)
 A = Elapsed time spent in this place.
 B = Non-inter-level travel time spent in this place.
 C = Inter-level travel time spent in this place.
 D = Time resting spent in this place.
 E = Time spent auto-exploring this place.
 F = Levels seen in this place.
 G = Mean time per level.
                   A        B        C        D        E       F      G
               +--------+--------+--------+--------+--------+-----+--------+
         Total |   3403 |   3347 |     56 |    103 |   2696 |   4 |  850.8 |
       Dungeon |   3403 |   3347 |     56 |    103 |   2696 |   4 |  850.8 |
               +--------+--------+--------+--------+--------+-----+--------+

Top non-repeatable levels by time:
     D:2: 1037 daAuts
     D:3: 1015 daAuts
     D:1: 1007 daAuts
     D:4: 342 daAuts
